 Dungeon Crawl Stone Soup version 0.27-a0-203-gd48b2df3c9 (webtiles) character file.

Game seed: 8001173406542264021

583 jasper the Covert (level 7, 0/32 HPs)
             Began as a Spriggan Enchanter on Jan 30, 2021.
             Slain by an orc
             ... wielding a +0 mace
              (6 damage)
             ... on level 6 of the Dungeon.
             The game lasted 00:10:28 (3896 turns).

jasper the Covert (Spriggan Enchanter)              Turns: 3896, Time: 00:10:29

Health: 0/32       AC:  2    Str:  4    XL:     7   Next: 14%
Magic:  6/12       EV: 18    Int: 18    God:
Gold:   99         SH:  0    Dex: 17    Spells: 2/11 levels left

rFire    . . .     SeeInvis +   s - +1 rapier (holy)
rCold    . . .     Faith    .   (shield restricted)
rNeg     . . .     Spirit   .   b - +0 robe
rPois    +         Reflect  .   (helmet restricted)
rElec    .         Harm     .   p - scarf {repulsion}
rCorr    .         Rampage  .   (gloves unavailable)
Will     +....                  (boots unavailable)
Stlth    ++++......             (no amulet)
HPRegen  0.10/turn              h - ring of poison resistance
MPRegen  0.13/turn              u - ring of wizardry

@: repel missiles, very quick
A: very small, unfitting armour, see invisible, speed 3
a: no special abilities


You were on level 6 of the Dungeon.
You visited 1 branch of the dungeon, and saw 6 of its levels.

You collected 99 gold pieces.

Inventory:

Hand Weapons
 a - a +1 dagger
 m - a +0 scimitar
 o - a -1 short sword
 q - a +0 arbalest
 s - a +1 rapier of holy wrath (weapon)
Missiles
 c - 8 atropa-tipped darts
 d - 123 stones
 g - 69 arrows
 i - a throwing net
 j - 36 poisoned darts
 n - 4 boomerangs of dispersal
Armour
 b - a +0 robe (worn)
 e - a +1 cloak
 p - a scarf of repulsion (worn)
 w - a scarf of resistance
Jewellery
 h - a ring of poison resistance (left hand)
 u - a ring of wizardry (right hand)
 v - an uncursed ring of resist corrosion {unknown}
Scrolls
 f - 4 scrolls of identify {unknown}
 k - 2 scrolls of fear {unknown}
 t - a scroll of random uselessness {unknown}
 x - a scroll of holy word {unknown}
Potions
 l - 2 potions of resistance
 r - a potion of brilliance {unknown}


   Skills:
 + Level 5.0 Short Blades
 - Level 3.0 Dodging
 + Level 8.6 Stealth
 - Level 2.6 Spellcasting
 - Level 5.0 Hexes
 - Level 2.0 Ice Magic


You had 2 spell levels left.
You knew the following spells:

 Your Spells              Type           Power        Failure   Level
a - Corona                Hex            22%          1%          1
b - Ensorcelled Hibernat  Hex/Ice        30%          2%          2
c - Confusing Touch       Hex            20%          2%          3
d - Tukima's Dance        Hex            20%          2%          3

Your spell library contained the following spells:

 Spells                   Type           Power        Failure   Level
 Dazzling Flash           Conj/Hex       22%          8%          3


Dungeon Overview and Level Annotations

Branches:
Dungeon (6/15)
 Temple: D:4-7

Altars:
Dithmenos
Fedhas
Qazlal


Innate Abilities, Weirdness & Mutations

You are very small and have problems with some larger weapons.
You are too small for most types of armour.
You have supernaturally acute eyesight. (SInv)
You cover ground extremely quickly.


Message History

Aim: an orc warrior, wielding a +0 war axe and wearing a +0 plate armour (chance to affect: 46%)
The orc warrior looks drowsy...
You now have 5/11 mp.
The helpless orc warrior fails to defend itself.
You impale the orc warrior!!
You kill the orc warrior!
An orc comes into view.
Your Short Blades skill increases to level 5!
You have reached level 7!
You regained 2 hp, and now have 14/32 hp.
You hit the giant cockroach.
The giant cockroach is severely wounded.
The orc hits you with a +0 mace!
* * * LOW HITPOINT WARNING * * *
The giant cockroach completely misses you.
You take 8 damage, and have 6/32 hp.
MASSIVE DAMAGE!!
You hit the giant cockroach.
You kill the giant cockroach!
The orc hits you with a +0 mace.
You die...

#############
.B......†@oo# ##
###########<#
#.##?
#....#......
......#.........
#####...)#......
####.#.#.##. #.#
# ## #.# .. #.#
#


You could see 2 orcs.

Vanquished Creatures
  An orc warrior (D:6)
  A phantom (D:6)
  2 centaurs
  An ogre (D:4)
  An iguana (D:5)
  Natasha (D:3)
  2 orc wizards (D:5)
  A white imp (D:5)
  An ooze (D:4)
  An adder skeleton (D:4)
  A dart slug (D:1)
  3 leopard geckos
  6 orcs
  5 giant cockroaches
  4 goblins
  4 hobgoblins
  3 jackals (D:5)
  2 kobolds (D:3)
  3 quokkas
  2 ball pythons (D:1)
  5 bats
  A frilled lizard (D:4)
  A leopard gecko skeleton (D:4)
  2 rats
54 creatures vanquished.

Vanquished Creatures (others)
  3 withered plants (D:4)
3 creatures vanquished.

Grand Total: 57 creatures vanquished

Notes
Turn   | Place    | Note
-------+----------+-------------------------------------------
     0 | D:1      | jasper the Spriggan Enchanter began the quest for the Orb.
     0 | D:1      | Reached XP level 1. HP: 9/9 MP: 5/5
   135 | D:1      | Reached XP level 2. HP: 12/13 MP: 6/6
   198 | D:1      | Reached skill level 5 in Stealth
   845 | D:3      | Learned a level 2 spell: Ensorcelled Hibernation
  1351 | D:4      | Reached XP level 3. HP: 14/16 MP: 8/8
  1943 | D:4      | Found a blossoming altar of Fedhas.
  2056 | D:4      | Noticed an ogre
  2065 | D:4      | Killed an ogre
  2066 | D:4      | Reached skill level 6 in Stealth
  2066 | D:4      | Reached XP level 4. HP: 21/21 MP: 2/9
  2148 | D:3      | Noticed Natasha
  2152 | D:3      | Killed Natasha
  2153 | D:3      | Reached XP level 5. HP: 24/24 MP: 7/10
  2155 | D:3      | Found a stormy altar of Qazlal.
  2467 | D:2      | Reached skill level 5 in Hexes
  2628 | D:4      | Learned a level 3 spell: Confusing Touch
  2632 | D:4      | Learned a level 3 spell: Tukima's Dance
  2735 | D:5      | Entered Level 5 of the Dungeon
  2738 | D:5      | Found a shadowy altar of Dithmenos.
  2750 | D:5      | Noticed an ice beast
  2774 | D:5      | Noticed an ogre
  3241 | D:5      | HP: 1/24 [orc wizard/+0 dagger (4)]
  3251 | D:5      | HP: 1/24 [orc wizard/magic dart (7)]
  3259 | D:5      | Reached skill level 7 in Stealth
  3259 | D:5      | Reached skill level 1 in Ice Magic
  3532 | D:5      | Noticed a centaur
  3543 | D:5      | Killed a centaur
  3544 | D:5      | Reached XP level 6. HP: 16/28 MP: 0/11
  3764 | D:5      | Noticed an ice beast
  3876 | D:6      | Reached skill level 8 in Stealth
  3889 | D:6      | Noticed an orc warrior
  3894 | D:6      | Killed an orc warrior
  3895 | D:6      | Reached skill level 5 in Short Blades
  3895 | D:6      | Reached XP level 7. HP: 14/32 MP: 5/12
  3896 | D:6      | Slain by an orc

Illustrated notes

Levels and vault maps discovered:
D:1:      lemuel_arrival_rhombus, layout_basic
D:2:      layout_loops_corners
D:3:      layout_basic, nicolae_qazlal_general_emergency, uniq_natasha
D:4:      layout_loops_ring, lemuel_round_altar, kiku_gazebo_garden_becter,
          minivault_5, minmay_door_square
D:5:      layout_basic, nicolae_dithmenos_the_darkroom
D:6:      lemuel_upstairs_altar, layout_loops_ring,
          eat_drink_and_be_merry_uskayaw, kennysheep_mini_moat,
          minmay_temple_entry_stoned_glass, uniq_eustachio, uniq_duvessa

Skill      XL: |  1  2  3  4  5  6 |
---------------+-------------------+-----
Stealth        | 5 6 7 8 |  8.6
Short Blades   | 2 3 4 5 |  5.0
Hexes          | 4 5 |  5.0
Ice Magic      | 1 2 |  2.0
Dodging        | |  3.0
Spellcasting   | |  2.6

Action                   |  1- 3 |  4- 6 |  7- 9 || total
-------------------------+-------+-------+-------++-------
Melee: Dagger            |    95 |    37 |       ||   132
       Rapier            |       |    51 |     2 ||    53
 Cast: Ensorcelled Hiber |    17 |    26 |       ||    43
       Corona            |     4 |     3 |       ||     7
  Use: Scroll            |     1 |     1 |       ||     2
       Potion            |       |     3 |       ||     3
 Stab: Sleeping          |    16 |    13 |       ||    29
       Distracted        |     1 |     1 |       ||     2
Armor: Robe              |    16 |    21 |       ||    37
Dodge: Dodged            |   113 |    90 |     1 ||   204
       Repelled          |       |     1 |       ||     1

Table legend: (Time is in decaauts)
 A = Elapsed time spent in this place.
 B = Non-inter-level travel time spent in this place.
 C = Inter-level travel time spent in this place.
 D = Time resting spent in this place.
 E = Time spent auto-exploring this place.
 F = Levels seen in this place.
 G = Mean time per level.
                   A        B        C        D        E       F      G
               +--------+--------+--------+--------+--------+-----+--------+
         Total |   3141 |   3081 |     60 |   1422 |    550 |   6 |  523.5 |
       Dungeon |   3141 |   3081 |     60 |   1422 |    550 |   6 |  523.5 |
               +--------+--------+--------+--------+--------+-----+--------+

Top non-repeatable levels by time:
     D:5: 927 daAuts
     D:4: 801 daAuts
     D:3: 745 daAuts
     D:2: 417 daAuts
     D:1: 190 daAuts
     D:6: 59 daAuts
